 Dungeon Crawl Stone Soup version 0.26-a0-665-gefeb406119 (webtiles) character file.

Game seed: 13830462852544641281

175 marklar909 the Skirmisher (level 5, -2/43 HPs)
             Began as a Formicid Abyssal Knight on Oct 13, 2020.
             Was a Believer of Lugonu.
             Slain by Menkaure (18 damage)
             ... on level 4 of the Dungeon.
             The game lasted 00:06:55 (3737 turns).

marklar909 the Skirmisher (Formicid Abyssal Knight) Turns: 3737, Time: 00:06:56

Health: -2/43      AC:  6    Str: 18    XL:     5   Next: 86%
Magic:  6/6        EV: 10    Int: 11    God:    Lugonu [**....]
Gold:   250        SH:  3    Dex: 10    Spells: 4/4 levels left

rFire    . . .     SeeInvis +   i - +1 long sword
rCold    . . .     Faith    .   u - +0 buckler
rNeg     . . .     Spirit   .   j - +0 ring mail
rPois    +         Reflect  .   (helmet unavailable)
rElec    .         Harm     .   (no cloak)
rCorr    .         Rampage  .   (no gloves)
MR       .....                  v - +0 pair of boots
Stlth    ..........             (no amulet)
HPRegen  0.14/turn              c - ring of wizardry
MPRegen  0.10/turn              n - ring of poison resistance

@: no status effects
A: permanent stasis, dig shafts and tunnels, four strong arms, antennae 3
a: Dig, Shaft Self, Depart the Abyss, Bend Space, Renounce Religion


You were on level 4 of the Dungeon.
You worshipped Lugonu.
Lugonu was pleased with you.
You visited 1 branch of the dungeon, and saw 4 of its levels.
You visited the Abyss 1 time.

You collected 250 gold pieces.

Inventory:

Hand Weapons
 i - a +1 long sword (weapon)
Missiles
 d - 8 poisoned darts (quivered)
 f - 108 stones
 q - 40 sling bullets
 s - 58 bolts
Armour
 g - a +1 ring mail of poison resistance
 j - a +0 ring mail (worn)
 u - a +0 buckler (worn)
 v - a +0 pair of boots (worn)
 y - a +2 leather armour of magic resistance
Jewellery
 c - a ring of wizardry (left hand)
 k - an uncursed ring of fire
 n - a ring of poison resistance (right hand)
Scrolls
 a - a scroll of remove curse
 b - a scroll of magic mapping
 o - 2 scrolls of immolation
 p - 2 scrolls of identify
 r - a scroll of enchant weapon
 t - a scroll of enchant armour {unknown}
 A - a scroll of fear {unknown}
Potions
 e - 2 potions of flight
 h - 2 potions of lignification
 l - 3 potions of curing
 w - a potion of invisibility {unknown}
 x - a potion of might {unknown}


   Skills:
 + Level 4.5 Fighting
 + Level 3.5 Long Blades
 + Level 3.3 Armour
 + Level 1.7 Dodging
 + Level 0.1 Stealth
 + Level 0.6 Shields
 + Level 2.3 Invocations


You had 4 spell levels left.
You didn't know any spells.
Your spell library was empty.

Dungeon Overview and Level Annotations

Branches:
Dungeon (4/15)
 Temple: D:4-7

Altars:
Wu Jian

Annotations:
D:4 Menkaure


Innate Abilities, Weirdness & Mutations

You cannot be hasted, slowed, berserked, paralysed or teleported.
You can dig through walls and to a lower floor.
Your four strong arms can wield two-handed weapons with a shield.
You have a pair of large antennae on your head. (SInv)


Message History

Menkaure giggles, "These cerements are ticklish..."
Menkaure casts a spell.
Menkaure seems to speed up.
You hit Menkaure but do no damage.
Menkaure is heavily damaged.
Menkaure hits you. x2
You hit Menkaure.
Menkaure is heavily damaged.
Menkaure calls on the powers of darkness!
Your body is wracked with pain!
Unknown command.
You hit Menkaure.
Menkaure is heavily damaged.
Menkaure closely misses you. Menkaure hits you!
* * * LOW HITPOINT WARNING * * *
Unknown command.
You feel better.
Menkaure hums in an indecipherable tongue.
Menkaure hits you!!
You die...

#........#.#.#.#######..#
#.......##.#.#...........
####.......##.#.#########.#.
...........##.#.# #.#.
###..........#.# #...
#.......####.## #.##
#.......###.#.# #.#
##.#.####M#..#########.#
#.#.###@#.............#
#.#.##.###.##########.#
######.#.#.####M.# #.#
#....†.......<..#.# ##.#
#.#####.##.##M##.#### #..#
#.###.#.# ..... #.## #.#
#... ####. #.# #.# ##.#. #.
###.### #.# #.#.# #. #.....#


You could see Menkaure (fast).

Vanquished Creatures
  A hound (D:3)
  An orc priest (D:4)
  2 adders
  An ooze (D:2)
  An adder zombie (D:2)
  2 worms
  4 dart slugs
  2 leopard geckos
  6 orcs (D:4)
  6 bats
  6 giant cockroaches
  6 goblins
  7 hobgoblins
  5 jackals
  A quokka (D:2)
  4 frilled lizards
  9 kobolds
  7 rats
71 creatures vanquished.

Vanquished Creatures (others)
  7 fungi (D:3)
  3 toadstools (D:3)
10 creatures vanquished.

Grand Total: 81 creatures vanquished

Notes
Turn   | Place    | Note
-------+----------+-------------------------------------------
     0 | Abyss:1  | marklar909 the Formicid Abyssal Knight began the quest for
                  | the Orb.
     0 | Abyss:1  | Reached XP level 1. HP: 18/18 MP: 2/2
    31 | Abyss:1  | Noticed a small abomination
    31 | Abyss:1  | Noticed a small abomination
    32 | D:1      | Escaped the Abyss
   133 | D:1      | Reached skill level 1 in Dodging
   133 | D:1      | Reached XP level 2. HP: 18/24 MP: 3/3
   393 | D:1      | Reached * piety under Lugonu
   617 | D:1      | Reached XP level 3. HP: 29/30 MP: 4/4
   670 | D:1      | Reached skill level 4 in Fighting
   914 | D:2      | Found an ornate altar of the Wu Jian Council.
  1221 | D:2      | Reached XP level 4. HP: 32/37 MP: 5/5
  2033 | D:3      | Reached ** piety under Lugonu
  2369 | D:3      | Found a faded altar of an unknown god.
  2598 | D:3      | Reached XP level 5. HP: 34/43 MP: 6/6
  3326 | D:4      | Noticed Menkaure
  3737 | D:4      | Slain by Menkaure

Illustrated notes

Levels and vault maps discovered:
D:1:      scummos_arrival_forest, layout_rooms, glass_columns_a, minmay_unequal
D:2:      layout_loops_corners, nicolae_overflow_crystal_walls
D:3:      layout_basic, chequers_ecumenical_altar_grove,
          minmay_gold_behind_fungi
D:4:      layout_loops_ring, uniq_menkaure, uniq_sigmund, uniq_edmund

Skill      XL: |  1  2  3  4 |
---------------+-------------+-----
Dodging        | 1 |  1.7
Fighting       | 4 |  4.5
Long Blades    | 3 |  3.5
Armour         | 3 |  3.3
Stealth        | |  0.1
Shields        | |  0.6
Invocations    | |  2.3

Action                   |  1- 3 |  4- 6 || total
-------------------------+-------+-------++-------
Melee: Falchion          |    97 |   111 ||   208
       Long sword        |       |    12 ||    12
Invok: Depart the Abyss  |     1 |       ||     1
  Use: Scroll            |     2 |     8 ||    10
       Potion            |       |     1 ||     1
Armor: Leather armour    |     1 |       ||     1
       Ring mail         |    33 |    39 ||    72
Dodge: Dodged            |    51 |    76 ||   127
Block: Buckler           |       |    17 ||    17
       Rpst.: Falchion   |    17 |    15 ||    32
       Long sword        |       |     4 ||     4

Table legend: (Time is in decaauts)
 A = Elapsed time spent in this place.
 B = Non-inter-level travel time spent in this place.
 C = Inter-level travel time spent in this place.
 D = Time resting spent in this place.
 E = Time spent auto-exploring this place.
 F = Levels seen in this place.
 G = Mean time per level.
                   A        B        C        D        E       F      G
               +--------+--------+--------+--------+--------+-----+--------+
         Total |   3778 |   3388 |    390 |    488 |   2245 |   5 |  755.6 |
       Dungeon |   3746 |   3356 |    390 |    488 |   2214 |   4 |  936.5 |
         Abyss |     32 |     32 |      0 |      0 |     31 |   1 |   32.0 |
               +--------+--------+--------+--------+--------+-----+--------+

Top non-repeatable levels by time:
     D:3: 1438 daAuts
     D:2: 1141 daAuts
     D:1: 836 daAuts
     D:4: 330 daAuts
 Abyss:1: 32 daAuts
